 Dungeon Crawl Stone Soup version 0.26.0-15-gc6cd9f700b (webtiles) character file.

Game seed: 13773514687998735170

982 Descartes the Magician (level 7, 0/36 HPs)
             Began as a Deep Elf Ice Elementalist on Jan 16, 2021.
             Was an Initiate of Gozag.
             Shot with an arrow by a centaur (12 damage)
             ... on level 5 of the Dungeon.
             The game lasted 00:21:24 (4879 turns).

Descartes the Magician (Deep Elf Ice Elementalist)  Turns: 4879, Time: 00:21:25

Health: 0/36       AC:  6    Str:  5    XL:     7   Next: 96%
Magic:  19/19      EV: 17    Int: 28    God:    Gozag
Gold:   469        SH:  0    Dex: 21    Spells: 8/19 levels left

rFire    . . .     SeeInvis .   t - +4 quarterstaff (chaos)
rCold    . . .     Faith    .   (shield currently unavailable)
rNeg     . . .     Spirit   .   a - +0 robe
rPois    .         Reflect  .   (no helmet)
rElec    .         Harm     .   D - +2 cloak
rCorr    .         Rampage  .   z - +0 pair of gloves
Will     .....                  (no boots)
Stlth    ++++......             (no amulet)
HPRegen  0.12/turn              v - +6 ring of dexterity
MPRegen  0.16/turn              x - +6 ring of intelligence

@: marked
A: no striking features
a: Renounce Religion, Potion Petition, Call Merchant, Bribe Branch


You were on level 5 of the Dungeon.
You worshipped Gozag.
Gozag was aware of your devotion.
You visited 2 branches of the dungeon, and saw 6 of its levels.

You collected 510 gold pieces.
You paid 41 gold pieces to Gozag.

Inventory:

Hand Weapons
 t - a +4 quarterstaff of chaos (weapon)
 u - a +1 dagger of venom
Missiles
 b - 131 stones
 g - 87 arrows
 o - 12 poisoned darts
 r - 18 sling bullets
 y - 3 curare-tipped darts (quivered)
 A - 4 boomerangs
 E - 4 silver javelins
Armour
 a - a +0 robe (worn)
 z - a +0 pair of gloves (worn)
 D - a +2 cloak (worn)
Jewellery
 v - a +6 ring of dexterity (left hand)
 x - a +6 ring of intelligence (right hand)
Scrolls
 d - a scroll of teleportation
 f - a scroll of magic mapping {unknown}
 h - a scroll of amnesia
 k - a scroll of fear
 l - a scroll of fog {unknown}
 m - 4 scrolls of remove curse
 n - 2 scrolls of identify
 q - a scroll of noise {unknown}
 s - 3 scrolls of enchant armour
 w - a scroll of immolation {unknown}
Potions
 c - a potion of haste {unknown}
 e - 2 potions of lignification
 i - a potion of berserk rage {unknown}
 j - a potion of brilliance {unknown}
 p - 2 potions of flight {unknown}
 B - a potion of magic {unknown}
 C - a potion of ambrosia {unknown}


   Skills:
 + Level 5.9 Dodging
 + Level 6.3 Stealth
 + Level 6.7 Spellcasting
 + Level 6.6 Ice Magic


You had 8 spell levels left.
You knew the following spells:

 Your Spells              Type           Power        Failure   Level
a - Freeze                Ice            100%         1%          1
b - Frozen Ramparts       Ice            92%          1%          3
c - Ozocubu's Armour      Ice            46%          1%          3
d - Hailstorm             Conj/Ice       28%          14%         4

Your spell library contained the following spells:

 Spells                   Type           Power        Failure   Level
 Animate Skeleton         Necr           18%          5%          1
 Pain                     Necr           36%          5%          1
 Summon Ice Beast         Ice/Summ       28%          14%         4
 Vampiric Draining        Necr           4%           17%         3
 Animate Dead             Necr           4%           50%         4
 Agony                    Necr           9%           83%         5


Dungeon Overview and Level Annotations

Branches:
Dungeon (5/15)             Temple (1/1) D:4

Altars:
Cheibriados
Dithmenos
Elyvilon
Fedhas
Gozag
Makhleb
Nemelex Xobeh
Okawaru
Qazlal
Ru
Sif Muna
Trog
Uskayaw
Xom
Yredelemnul
The Shining One

Annotations:
D:1 1
D:2 Natasha
D:5 Sigmund


Message History

You hit something. You freeze something. Something hits you but does no damage.
You closely miss something. Something hits you but does no damage.
Something hits you. Something shocks you.
You barely miss something. Something completely misses you.
You barely miss something. Something hits you but does no damage.
You closely miss something. Something hits you. Something shocks you.
Something barely misses you.
You hit something but do no damage. Something hits you but does no damage.
You miss something. Something hits you but does no damage.
You hit something but do no damage. Something completely misses you.
An ufetubus comes into view.
The ufetubus barely misses you. x2
A centaur comes into view.
Sigmund the Dreaded comes into view.
He is wielding a +0 scythe.
The ufetubus closely misses you. The ufetubus barely misses you.
The centaur wields a +0 shortbow.
The centaur shoots an arrow.
The arrow hits you!
You die...
Your body crumbles into a pile of gold.

........!...##...#
............>....#
..................
....##....#.....#
#........##.....#..
###..#.##...........
###.#..####.......#..
##........##5##....# .#
##.#.........@.#....# ..
##..#.<..#...........# .##
##......###..........####..#
##.##....###........c.......#..
#...#.....#....................
.........##.....@........##..#
.....#............###....####
...................#........#
#.........................#..#


You could see Sigmund, a centaur and an ufetubus.

Vanquished Creatures
  Grinder (D:5)
  Edmund (D:4)
  2 centaurs (D:5)
  A howler monkey (D:2)
  3 orc wizards
  2 jellies (D:2)
  Crazy Yiuf (D:2)
  3 orc priests
  Natasha (D:2)
  3 adders
  A white imp (D:3)
  8 oozes
  6 worms
  A dart slug (D:1)
  4 leopard geckos
  12 orcs
  2 ball pythons
  6 bats
  4 giant cockroaches
  4 goblins
  8 hobgoblins
  13 kobolds
  2 quokkas
  9 frilled lizards
  8 rats
106 creatures vanquished.

Vanquished Creatures (others)
  4 fungi (D:2)
  6 toadstools (D:2)
10 creatures vanquished.

Grand Total: 116 creatures vanquished

Notes
Turn   | Place    | Note
-------+----------+-------------------------------------------
     0 | D:1      | Descartes the Deep Elf Ice Elementalist began the quest for
                  | the Orb.
     0 | D:1      | Reached XP level 1. HP: 10/10 MP: 6/6
   195 | D:1      | Reached XP level 2. HP: 10/15 MP: 5/8
   415 | D:1      | Reached XP level 3. HP: 19/19 MP: 1/10
  1130 | D:2      | Reached XP level 4. HP: 15/24 MP: 7/12
  1142 | D:2      | Reached skill level 5 in Ice Magic
  1146 | D:2      | Learned a level 3 spell: Frozen Ramparts
  1268 | D:2      | Found a shadowy altar of Dithmenos.
  1609 | D:2      | Reached XP level 5. HP: 24/28 MP: 4/13
  1897 | D:2      | Noticed Natasha
  1904 | D:2      | Killed Natasha
  1960 | D:2      | Found a snail-covered altar of Cheibriados.
  2074 | D:2      | Noticed Natasha
  2132 | D:2      | Found a runed translucent door.
  2133 | D:2      | Noticed Crazy Yiuf
  2140 | D:2      | Killed Crazy Yiuf
  2183 | D:3      | Found a stormy altar of Qazlal.
  2199 | D:3      | Reached skill level 5 in Spellcasting
  2199 | D:3      | Reached XP level 6. HP: 27/32 MP: 8/15
  2203 | D:3      | Learned a level 3 spell: Ozocubu's Armour
  2208 | D:3      | Learned a level 4 spell: Hailstorm
  2286 | D:3      | Found an opulent altar of Gozag.
  2291 | D:3      | Became a worshipper of Gozag Ym Sagoz the Greedy
  2999 | D:3      | Reached skill level 5 in Stealth
  3746 | D:4      | Found a staircase to the Ecumenical Temple.
  3831 | D:4      | Noticed Edmund
  3858 | D:4      | Killed Edmund
  3859 | D:4      | Reached skill level 5 in Dodging
  3859 | D:4      | Reached XP level 7. HP: 13/36 MP: 13/17
  4317 | Temple   | Entered the Ecumenical Temple
  4545 | D:5      | Entered Level 5 of the Dungeon
  4552 | D:5      | Noticed Grinder
  4568 | D:5      | Killed Grinder
  4568 | D:5      | HP: 1/54 [centaur/arrow (2)]
  4878 | D:5      | Noticed Sigmund
  4879 | D:5      | Shot with an arrow by a centaur

Illustrated notes

Levels and vault maps discovered:
D:1:      saegor_arrival_simple_e, layout_rooms
D:2:      cheibrodos_fertilizer, layout_loops_ring,
          grunt_dithmenos_smoke_and_mirrors, cheibriados_altar_1, uniq_natasha,
          uniq_crazy_yiuf_cottage
D:3:      layout_loops_cross, nicolae_qazlal_general_emergency,
          nicolae_gozag_seed_capital
D:4:      layout_loops_ring, minmay_temple_entry_sparse_star, uniq_edmund
D:5:      layout_cave_pools, chequers_temple_overflow_minitemple,
          cheibrodos_sewer_entry_bend, solitary_fountain, uniq_sigmund,
          uniq_grinder
Temple:   nicolae_temple_figure_eight

Skill      XL: |  1  2  3  4  5  6  7 |
---------------+----------------------+-----
Stealth        | 3 4 5 6 |  6.3
Dodging        | 3 4 5 |  5.9
Spellcasting   | 4 5 6 |  6.7
Ice Magic      | 5 6 |  6.6

Action                   |  1- 3 |  4- 6 |  7- 9 || total
-------------------------+-------+-------+-------++-------
Melee: Unarmed           |     7 |     1 |       ||     8
       Quarterstaff      |       |    11 |    20 ||    31
Throw: Dart              |       |       |     5 ||     5
 Cast: Freeze            |    50 |    90 |     4 ||   144
       Frozen Ramparts   |       |    12 |       ||    12
       Ozocubu's Armour  |       |     2 |       ||     2
  Use: Scroll            |       |     6 |     1 ||     7
       Potion            |       |     1 |     5 ||     6
 Stab: Sleeping          |       |     1 |     1 ||     2
Armor: Robe              |     2 |    13 |     5 ||    20
       Skin              |       |       |    29 ||    29
Dodge: Dodged            |    25 |    46 |    11 ||    82
